 Dungeon Crawl Stone Soup version 0.29.1-15-g9cfb28693d (webtiles) character file.

Game seed: 7345962492553297481

9 protoss039 the Digger (level 2, 6/20 HPs)
             Began as a Demonspawn Earth Elementalist on Mar 25, 2023.
             Got out of the dungeon alive.
             The game lasted 00:00:27 (198 turns).

protoss039 the Digger (DsEE)                         Turns: 198, Time: 00:00:28

Health: 6/20       AC:  2    Str:  8    XL:     2   Next: 3%
Magic:  2/5        EV: 12    Int: 16    God:
Gold:   11         SH:  0    Dex: 13    Spells: 4/5 levels left

rFire   . . .      SeeInvis .   (no weapon)
rCold   . . .      Faith    .   (no shield)
rNeg    . . .      Spirit   .   a - +0 robe
rPois   .          Reflect  .   (helmet restricted)
rElec   .          Harm     .   (no cloak)
rCorr   .          Rampage  .   (no gloves)
Will    .....                   (no boots)
Stlth   ++........              (no amulet)
HPRegen 0.06/turn               (no ring)
MPRegen 0.09/turn               (no ring)

@: no status effects
A: horns 1
a: no special abilities


You escaped.
You visited 1 branch of the dungeon, and saw 1 of its levels.

You collected 11 gold pieces.

Inventory:

Missiles
 c - 4 poisoned darts (quivered)
Armour
 a - a +0 robe (worn)
Scrolls
 d - a scroll of silence {unknown}
Potions
 b - 2 potions of magic
 e - a potion of heal wounds {unknown}


   Skills:
 + Level 0.8 Fighting
 - Level 1.7 Dodging
 - Level 1.7 Stealth
 + Level 2.2 Spellcasting
 - Level 0.8 Transmutations
 + Level 2.9 Earth Magic


You had 4 spell levels left.
You knew the following spells:

 Your Spells              Type           Power      Damage    Failure   Level
a - Sandblast             Erth           22%        2d7       6%          1

Your spell library contained the following spells:

 Spells                   Type           Power      Damage    Failure   Level
 Passwall                 Tmut/Erth      5%         N/A       14%         2
 Stone Arrow              Conj/Erth      12%        3d7       32%         3
 Petrify                  Tmut/Erth      7%         N/A       67%         4


Dungeon Overview and Level Annotations

Branches:
Dungeon (1/15) Zot: 5799

Altars:


Innate Abilities, Weirdness & Mutations

You have a pair of small horns on your head.


Message History

Throw: 3 darts (poison)
Press: ? - help, Q - select action, (/) - cycle Shift-Dir - straight line, f - endoplasm
Aim: an endoplasm (lightly wounded, 85% to hit)
You throw a poisoned dart. The poisoned dart hits the endoplasm.
The endoplasm is lightly wounded.
The endoplasm closely misses you.
Throw: 2 darts (poison)
Press: ? - help, Q - select action, (/) - cycle Shift-Dir - straight line, f/p - endoplasm
Aim: an endoplasm (lightly wounded, 85% to hit)
You throw a poisoned dart. The poisoned dart hits the endoplasm.
The endoplasm is lightly wounded.
The endoplasm freezes you.
You are frozen.
Throw: dart (poison)
Press: ? - help, Q - select action, (/) - cycle Shift-Dir - straight line, f/p - endoplasm
Aim: an endoplasm (lightly wounded, 85% to hit)
You throw a poisoned dart. The poisoned dart hits the endoplasm.
The endoplasm is lightly wounded.
The endoplasm jiggles.
The endoplasm freezes you.
You are frozen.
* * * LOW HITPOINT WARNING * * *
Unknown command.
Unknown command.
Casting: Sandblast (safe; 6% risk of failure)
Confirm with . or Enter, or press ? or * to list all spells.
Aiming: Sandblast (safe; 6% risk of failure)
Press: ? - help, Shift-Dir - straight line, f/p - endoplasm
Aim: an endoplasm (lightly wounded, 98% to hit)
The blast of sand hits the endoplasm!
You kill the endoplasm!
You have reached level 2!
Your demonic ancestry asserts itself...
A pair of horns grows on your head!
Unknown command.
c - 4 poisoned darts You see here a hobgoblin corpse.
There is a staircase leading out of the dungeon here.
Are you sure you want to leave the Dungeon?
This will make you lose the game!
You have escaped!

###############
#####..........$..#####
#.....†.#######.......#
.....###.......###.....
..###.............###...
.#......#######.@....#
#.....### ###.....#
#..†.## #....# #....##
....# #.....# ...#
.#......# ..#..
..###..... #. .
.....###... .. #......
###


There were no monsters in sight!

Vanquished Creatures
  2 dart slugs (D:1)
  An endoplasm (D:1)
  A hobgoblin (D:1)
  A frilled lizard (D:1)
5 creatures vanquished.

Notes
Turn   | Place    | Note
-------+----------+-------------------------------------------
     0 | D:1      | protoss039 the Demonspawn Earth Elementalist began the
                  | quest for the Orb.
     0 | D:1      | Reached XP level 1. HP: 13/13 MP: 3/3
   178 | D:1      | Gained mutation: You have a pair of small horns on your
                  | head. [demonic ancestry]
   178 | D:1      | Reached XP level 2. HP: 5/20 MP: 0/5
   198 | D:$      | Got out of the dungeon alive.

Illustrated notes

Levels and vault maps discovered:
D:1:      dpeg_arrival_oval, layout_loops_ring,
          shapermc_ecumenical_altar_flowoftime, minmay_misc_feat_alley,
          serial_bayou_crossing

Action                   || total
-------------------------++-------
Melee: Unarmed           ||     3
Throw: Dart              ||     7
 Cast: Sandblast         ||     6
Dodge: Dodged            ||     9
